 Dungeon Crawl Stone Soup version 0.21-a0-437-ge5bf024 (webtiles) character file.

50 theanonym the Slasher (level 3, -2/34 HPs)
             Began as a Minotaur Monk on Nov 9, 2017.
             Slain by Sigmund
             ... wielding a +6 scythe of freezing
              (3 damage)
             ... on level 2 of the Dungeon.
             The game lasted 00:01:43 (1426 turns).

theanonym the Slasher (Minotaur Monk)               Turns: 1426, Time: 00:01:44

Health: -2/34      AC:  3    Str: 16    XL:     3   Next: 55%
Magic:  2/2        EV: 13    Int:  7    God:
Gold:   33         SH:  0    Dex: 12    Spells: 2/2 levels left

rFire    . . .     SeeInvis .   a - +0 falchion
rCold    . . .     Gourm    .   (no shield)
rNeg     . . .     Faith    .   n - +0 leather armour
rPois    .         Spirit   .   (helmet restricted)
rElec    .         Reflect  .   (no cloak)
rCorr    .         Harm     .   (no gloves)
MR       .....                  (no boots)
Stlth    +.........             (no amulet)
HPRegen  0.11/turn              (no ring)
MPRegen  0.08/turn              (no ring)

@: no status effects
A: retaliatory headbutt, horns 2
a: no special abilities


Innate Abilities, Weirdness & Mutations

You reflexively headbutt those who attack you in melee.
You have a pair of horns on your head.


   Skills:
 + Level 4.3 Fighting
 * Level 5.0 Long Blades
 - Level 3.2 Dodging
 - Level 1.5 Stealth


You had 2 spell levels left.
You didn't know any spells.

Skill      XL: |  1  2  3 |
---------------+----------+-----
Long Blades    | 4 5 |  5.0
Fighting       | 4 |  4.3
Dodging        | |  3.2
Stealth        | |  1.5

Action                   || total
-------------------------++-------
Melee: Falchion          ||    66
       Headbutt          ||    15
  Use: Potion            ||     1
 Stab: Sleeping          ||     2
  Eat: Chunk             ||     1
Armor: Robe              ||     5
       Leather armour    ||     3
Dodge: Dodged            ||    42
       Rpst.: Falchion   ||    10

Inventory:

Hand Weapons
 a - a +0 falchion (weapon)
Armour
 b - a +0 robe
 n - a +0 leather armour (worn)
   (You found it on level 1 of the Dungeon)
 o - a +0 pair of gloves
   (You found it on level 2 of the Dungeon)
Jewellery
 e - an uncursed ring of protection from cold {unknown}
   (You found it on level 2 of the Dungeon)
Scrolls
 f - a scroll of magic mapping {unknown}
 h - 3 scrolls of identify {unknown}
 j - a scroll of teleportation {unknown}
 l - a scroll of remove curse {unknown}
 p - a scroll of amnesia {unknown}
Potions
 i - a potion of lignification {unknown}
 m - a potion of curing {unknown}
 q - 2 potions of heal wounds
Comestibles
 c - 2 bread rations
 g - 2 fruits
 k - a meat ration

Dungeon Overview and Level Annotations

Branches:
Dungeon (2/15)

Altars:

Annotations:
D:2 Sigmund


You were on level 2 of the Dungeon.
You were hungry.

You visited 1 branch of the dungeon, and saw 2 of its levels.

You collected 33 gold pieces.


Message History

All of the chunks of flesh in your inventory have rotted away.
You butcher the worm corpse.
d - 2 chunks of flesh
p - a scroll labeled FADGHA PUNOYFA Health restored: 33
There is an open door, spattered with blood here.
Found 10 arrows.
Found a whip.
q - an agate ring You see here a whip.
h - 3 scrolls labeled BAEGER YRYOMP (gained 1)
You see here a whip.
You now have 21 gold pieces (gained 7).
Found 20 stones.
You see here 20 stones.
A kobold comes into view. It is wielding an enchanted dagger.
A kobold is nearby!
A kobold is nearby!
A kobold is nearby!
A kobold is nearby!
A kobold is nearby!
The kobold hits you but does no damage.
Found a stone staircase leading down.
You closely miss the kobold.
The kobold hits you with an enchanted dagger.
You take 1 damage, and have 32/33 hp.
You hit the kobold but do no damage.
You headbutt the kobold, but do no damage.
The kobold hits you but does no damage.
You barely miss the kobold. The kobold closely misses you.
Health restored: 33 You hit the kobold.
You kill the kobold!
No target in view!
No target in view!
No target in view!
Things that are here:
an enchanted dagger; a kobold corpse An adder comes into view.
An adder is nearby!
An adder is nearby!
An adder is nearby!
An adder is nearby!
The adder hisses angrily.
The adder closely misses you.
There is a stone staircase leading down here.
You hit the adder. You headbutt the adder. The adder bites you.
You take 1 damage, and have 32/33 hp.
You barely miss the adder. You headbutt the adder!
You kill the adder!
Your Long Blades skill increases to level 5!
Health restored: 34 No target in view!
No target in view!
No target in view!
You now have 33 gold pieces (gained 12).
Found a stone staircase leading up.
There is a stone staircase leading up here.
All of the chunks of flesh in your inventory have rotted away.
You are feeling hungry.
There is a stone staircase leading up here.
Sigmund the Dreaded comes into view.
He is wielding a scythe of freezing.
Sigmund is nearby!
Sigmund is nearby!
Sigmund is nearby!
Sigmund shouts!
Sigmund barely misses you.
You hit Sigmund.
Sigmund hits you with a scythe of freezing.
Sigmund freezes you.
You take 2 damage, and have 32/34 hp.
You barely miss Sigmund.
Sigmund hits you with a scythe of freezing!
Sigmund freezes you.
* * * LOW HITPOINT WARNING * * *
You take 18 damage, and have 14/34 hp.
MASSIVE DAMAGE!!
You are too injured to fight recklessly!
You are too injured to fight recklessly!
You are too injured to fight recklessly!
You are too injured to fight recklessly!
You are too injured to fight recklessly!
It was a potion of heal wounds.
You feel much better.
q - 2 potions of heal wounds;
e - an agate ring Health restored: 34 You slash Sigmund!
You headbutt Sigmund, but do no damage.
Sigmund hits you with a scythe of freezing.
Sigmund freezes you.
You take 7 damage, and have 27/34 hp.
MASSIVE DAMAGE!!
You closely miss Sigmund.
Sigmund hits you with a scythe of freezing!
* * * LOW HITPOINT WARNING * * *
Sigmund freezes you.
* * * LOW HITPOINT WARNING * * *
You take 11 damage, and have 16/34 hp.
MASSIVE DAMAGE!!
You barely miss Sigmund. You hit Sigmund. You headbutt Sigmund!
Sigmund hits you with a scythe of freezing!
* * * LOW HITPOINT WARNING * * *
Sigmund freezes you.
You die...

######).#####.########.###..#####
#...........................#
#.####.#.####.#############.# #.#
#.#.# #.#### #.# #.####.#.#
#.##.. ..# ......>..# #.##.# ###
#.####.### #.##.# #.#
#.######.##@# #.# #........##@#
#.# ############.##
#.###.............#
#.....##########$.# #######
#..... #.####.. #.. ###


You could see Sigmund.

Notes
Turn   | Place    | Note
-------+----------+-------------------------------------------
     0 | D:1      | theanonym the Minotaur Monk began the quest for the Orb.
     0 | D:1      | Reached XP level 1. HP: 19/19 MP: 0/0
   243 | D:1      | Reached skill level 4 in Long Blades
   342 | D:1      | Reached XP level 2. HP: 25/27 MP: 1/1
   501 | D:1      | Reached skill level 4 in Fighting
   959 | D:2      | Reached XP level 3. HP: 24/33 MP: 2/2
  1223 | D:2      | beem: 8022827 games for win: 4702590x, 270723x very slightly contaminated, 109719x mildly poisoned, 99012x mighty, 84039x non-regenerating, 74932x slowed, 64975x berserking, 62641x about to teleport, 56892x drained, 55949x confused, 54845x lethally poisoned, 47132x rotting, 41984x exhausted,slowed, 41145x flying, 38208x appendage, 36565x repel missiles, 36227x paralysed, 35176x agile, 34043x appendage...
  1324 | D:2      | theanonym: !lg theanonym !win s=status
  1338 | D:2      | Reached skill level 5 in Long Blades
  1417 | D:2      | Noticed Sigmund
  1421 | D:2      | HP: 14/34 [Sigmund/scythe of freezing (6)]
  1426 | D:2      | HP: 1/34 [Sigmund/scythe of freezing (15)]
  1426 | D:2      | Slain by Sigmund

Vanquished Creatures
  2 adders (D:2)
  A worm (D:2)
  A leopard gecko (D:1)
  A ball python (D:1)
  3 giant cockroaches
  3 hobgoblins
  4 kobolds
  A bat (D:1)
  2 frilled lizards
  3 goblins
  9 rats (D:1)
30 creatures vanquished.
